 Seeded DCSS version 0.30.1-11-g7821555f0a (webtiles) character file.

Game seed: 3782068419145777066 (custom seed)

602 fireball365 the Chopper (level 7, -1/61 HPs)
             Began as a Hill Orc Fighter on Nov 23, 2023.
             Slain by a gnoll bouda
             ... wielding a +0 club
              (6 damage)
             ... on level 5 of the Dungeon.
             The game lasted 00:06:39 (3819 turns).

fireball365 the Chopper (Hill Orc Fighter)          Turns: 3819, Time: 00:06:41

Health: -1/61      AC: 12    Str: 21    XL:     7   Next: 41%
Magic:  7/7        EV:  8    Int:  8    God:
Gold:   380        SH:  4    Dex: 10    Spells: 6/6 levels left

rFire   . . .        a - +0 war axe
rCold   . . .        c - +0 buckler
rNeg    . . .        p - +0 chain mail
rPois   .            m - +0 hat
rElec   .            u - +0 cloak
rCorr   .            i - +0 pair of gloves
SInv    .            (no boots)
Will    .....        (no amulet) Stlth
                     (no ring)
HPRegen 0.30/turn    (no ring)
MPRegen 0.10/turn

%: no passive effects
@: no status effects
A: no striking features
a: no special abilities


You were on level 5 of the Dungeon.
You visited 1 branch of the dungeon, and saw 5 of its levels.
You also visited: Ossuary.

You collected 380 gold pieces.

Inventory:

Hand Weapons
 a - a +0 war axe (weapon)
Missiles
 e - 2 throwing nets (quivered)
Armour
 b - a +0 scale mail
 c - a +0 buckler (worn)
 i - a +0 pair of gloves (worn)
 m - a +0 hat (worn)
 p - a +0 chain mail (worn)
 u - a +0 cloak (worn)
Jewellery
 y - an amulet of faith
Wands
 w - a wand of paralysis (7)
 x - a wand of mindburst (11)
 A - a wand of flame (18)
Scrolls
 f - 2 scrolls of blinking {unknown}
 g - a scroll of immolation {unknown}
 h - 5 scrolls of fear {unknown}
 k - a scroll of torment {unknown}
 l - a scroll of identify {unknown}
 n - a scroll of amnesia {unknown}
 o - a scroll of noise {unknown}
 r - a scroll of vulnerability {unknown}
 v - 2 scrolls of teleportation {unknown}
 z - a scroll of acquirement {unknown}
Potions
 d - a potion of might
 j - a potion of lignification {unknown}
 q - a potion of flight {unknown}
 s - a potion of curing
 t - 2 potions of heal wounds {unknown}
 B - a potion of ambrosia {unknown}


   Skills:
 + Level 5.4 Fighting
 + Level 7.1 Axes
 + Level 5.0 Armour
 + Level 1.1 Dodging
 + Level 0.6 Stealth
 + Level 4.1 Shields


You had 6 spell levels left.
You didn't know any spells.
Your spell library contained the following spells:

 Spells                   Type           Power      Damage    Failure   Level
 Kiss of Death            Conj/Necr      0%         2d5       98%         1
 Confusing Touch          Hex            0%         N/A       100%        3
 Ozocubu's Armour         Ice            0%         N/A       100%        3
 Cause Fear               Hex            0%         N/A       100%        4
 Dispel Undead            Necr           0%         3d6       100%        4
 Dragon Form              Tmut           0%         N/A       100%        7
 Ozocubu's Refrigeration  Ice            0%         4d7       100%        7
 Dragon's Call            Summ           0%         N/A       100%        9


Dungeon Overview and Level Annotations

Branches:
Dungeon (5/15)            Ossuary (visited)
 Temple: D:4-7

Altars:
Dithmenos
Wu Jian

Shops:
D:1 (:[?   D:3 [


Message History

The gnoll picks up the pace!
You hit the gnoll.
The gnoll is lightly wounded.
You hit the gnoll bouda but do no damage.
You closely miss the gnoll. The gnoll closely misses you.
You block the gnoll's attack.
The gnoll bouda calls upon its god to heal the gnoll.
The gnoll's wounds heal themselves!
You block the gnoll's attack.
You closely miss the gnoll.
You hit the gnoll bouda but do no damage.
You completely miss the gnoll. The gnoll hits you but does no damage.
The gnoll bouda closely misses you.
The gnoll hits you but does no damage. x2
You slash the gnoll!
The gnoll is severely wounded.
You hit the gnoll. You closely miss the gnoll bouda.
The gnoll bouda hits you but does no damage.
You block the gnoll's attack. x2
The gnoll bouda hits you but does no damage.
You hit the gnoll.
The gnoll is almost dead.
You hit the gnoll. You hit the gnoll bouda. The gnoll hits you with a +0 flail.
* * * LOW HITPOINT WARNING * * *
You block the gnoll's attack.
The gnoll bouda utters an invocation to its god.
The gnoll bouda is healed somewhat.
You barely miss the gnoll.
The gnoll is severely wounded.
You hit the gnoll but do no damage. You closely miss the gnoll bouda.
The gnoll hits you but does no damage. The gnoll hits you with a +0 club.
* * * LOW HITPOINT WARNING * * *
The gnoll bouda closely misses you.
Unknown command.
You hit the gnoll.
You kill the gnoll!
You hit the gnoll.
You kill the gnoll!
You hit the gnoll bouda.
Your attacks no longer feel as feeble.
The gnoll bouda hits you with a +0 club.
You die...

#. #.# #.# #.#
# #.#######.#
#.#....g#.##:##
#.#.###@)......
#...# #)####.##
#.#.###.#
#.#.....#
#.###..## #.#
#..# #.# #..#
#.# #..# #.#
#.<#


You could see a gnoll bouda.

Vanquished Creatures
  Duvessa (D:4)
  Dowan (D:4)
  A howler monkey (D:4)
  Crazy Yiuf (D:3)
  An orc priest (D:4)
  An iguana (D:4)
  Natasha (thrice) (D:4)
  3 orc wizards
  8 adders
  3 gnolls (D:5)
  2 worms (D:2)
  4 dart slugs
  7 orcs
  6 endoplasms
  5 giant cockroaches
  6 goblins
  10 hobgoblins
  5 jackals
  A quokka (D:5)
  7 ball pythons
  4 bats
  A frilled lizard (D:2)
  4 kobolds
  7 rats
92 creatures vanquished.

Notes
Turn   | Place    | Note
-------+----------+-------------------------------------------
     0 | D:1      | fireball365 the Hill Orc Fighter began the quest for the
                  | Orb.
     0 | D:1      | Reached XP level 1. HP: 19/19 MP: 1/1
    35 | D:1      | Found Veyto's Magic Scroll Shoppe.
   110 | D:1      | Found Daizow's Antique Armour Emporium.
   142 | D:1      | Reached XP level 2. HP: 27/27 MP: 2/2
   170 | D:1      | Reached skill level 3 in Axes
   256 | D:1      | Found Holor's Weapon Emporium.
   362 | D:1      | Reached XP level 3. HP: 33/33 MP: 3/3
   550 | D:1      | Found Aweeb's Book Shoppe.
  1082 | D:2      | Reached XP level 4. HP: 40/40 MP: 4/4
  1318 | D:2      | Reached skill level 4 in Axes
  1615 | D:3      | Found an ornate altar of the Wu Jian Council.
  1663 | D:3      | Reached XP level 5. HP: 38/46 MP: 5/5
  1729 | D:3      | Found Xazut's Antique Armour Shoppe.
  1907 | D:3      | Found a shadowy altar of Dithmenos.
  1913 | D:3      | Found a faded altar of an unknown god.
  2121 | D:3      | Found a runed translucent door.
  2122 | D:3      | Noticed Crazy Yiuf
  2256 | D:3      | HP: 2/46 [Crazy Yiuf/+4 quarterstaff of chaos (5)]
  2257 | D:3      | Killed Crazy Yiuf
  2258 | D:3      | Reached skill level 5 in Axes
  2610 | D:4      | HP: 2/47 [something/puff of flame (2)]
  2612 | D:4      | Reached XP level 6. HP: 3/53 MP: 6/6
  2830 | D:4      | Noticed Duvessa
  2834 | D:4      | Noticed Dowan
  2856 | D:4      | Killed Duvessa
  2857 | D:4      | Reached skill level 5 in Fighting
  2857 | D:4      | Reached skill level 6 in Axes
  2857 | D:4      | Reached skill level 1 in Dodging
  2860 | D:4      | Killed Dowan
  3155 | D:4      | Reached XP level 7. HP: 59/61 MP: 7/7
  3488 | D:4      | Noticed Natasha
  3498 | D:4      | Killed Natasha
  3600 | D:4      | Noticed Natasha
  3611 | D:4      | Killed Natasha
  3613 | D:4      | Noticed Natasha
  3621 | D:4      | Killed Natasha
  3622 | D:4      | Reached skill level 7 in Axes
  3622 | D:4      | Reached skill level 5 in Armour
  3696 | D:5      | Entered Level 5 of the Dungeon
  3716 | D:5      | Found a sand-covered staircase.
  3744 | Ossuary  | Entered an ossuary
  3819 | D:5      | Slain by a gnoll bouda

Illustrated notes

Levels and vault maps discovered:
D:1:      dpeg_arrival_oval, layout_basic, serial_shops, shop, shop_coins,
          nicolae_shop_overgrown_old_shop, shop
D:2:      layout_rooms
D:3:      layout_basic, mainiacjoe_overflow_catch_the_wave,
          ebering_ecumenical_altar_rust, serial_shops, shop,
          uniq_crazy_yiuf_cottage
D:4:      layout_cave_pods, uniq_duvessa, uniq_natasha
D:5:      layout_loops_ring, minmay_temple_entry_waves, enter_ossuary_3,
          kennysheep_cluttered_room

Skill      XL: |  1  2  3  4  5  6  7 |
---------------+----------------------+-----
Axes           | 3 4 5 6 7 |  7.1
Fighting       | 4 5 |  5.4
Armour         | 4 5 |  5.0
Dodging        | 1 |  1.1
Shields        | 4 |  4.1
Stealth        | |  0.6

Action                     |  1- 3 |  4- 6 |  7- 9 || total
---------------------------+-------+-------+-------++-------
  Melee: War axe           |    92 |   121 |    80 ||   293
 Armour: Scale mail        |    43 |    37 |       ||    80
         Chain mail        |       |    49 |    47 ||    96
  Dodge: Dodged            |    54 |    65 |    33 ||   152
  Block: Buckler           |    21 |    26 |    22 ||    69
